 Dungeon Crawl Stone Soup version 0.28.0-45-g0d030f2227 (webtiles) character file.

Game seed: 1372465714463968239

108 pkoi the Twirler (level 4, 0/55 HPs)
             Began as a Demigod Gladiator on Apr 8, 2022.
             Slain by an adder (2 damage)
             ... in a sewer.
             The game lasted 00:02:58 (2932 turns).

pkoi the Twirler (Demigod Gladiator)                Turns: 2932, Time: 00:02:59

Health: 0/55       AC:  4    Str: 15    XL:     4   Next: 33%
Magic:  6/6        EV: 12    Int: 14    God:
Gold:   110        SH:  0    Dex: 15    Spells: 3/3 levels left

rFire   . . .      SeeInvis .   a - +0 quarterstaff
rCold   . . .      Faith    .   (shield currently unavailable)
rNeg    . . .      Spirit   .   b - +0 leather armour
rPois   .          Reflect  .   c - +0 helmet
rElec   .          Harm     .   (no cloak)
rCorr   .          Rampage  .   (no gloves)
Will    .....                   (no boots)
Stlth   ..........              (no amulet)
HPRegen 0.18/turn               (no ring)
MPRegen 0.10/turn               (no ring)

@: berserking, lethally poisoned (0 -> -4), slow
A: high MP 1, forlorn, divine attributes
a: no special abilities


You were in a sewer.
You visited 1 branch of the dungeon, and saw 3 of its levels.
You also visited: Sewer.

You collected 110 gold pieces.

Inventory:

Hand Weapons
 a - a +0 quarterstaff (weapon)
Missiles
 d - 3 throwing nets (quivered)
 j - 6 curare-tipped darts
Armour
 b - a +0 leather armour (worn)
 c - a +0 helmet (worn)
Scrolls
 f - a scroll of vulnerability {unknown}
 i - a scroll of teleportation {unknown}
 k - a scroll of fear {unknown}
 m - a scroll of identify {unknown}
 n - a scroll of enchant armour {unknown}
 q - a scroll of magic mapping {unknown}
Potions
 g - a potion of lignification {unknown}
 h - 2 potions of magic {unknown}
 l - a potion of attraction {unknown}
 o - 3 potions of curing {unknown}
 p - a potion of heal wounds {unknown}
 r - 2 potions of invisibility {unknown}


   Skills:
 + Level 2.8 Fighting
 * Level 4.3 Staves
 - Level 1.7 Throwing
 - Level 2.6 Dodging


You had 3 spell levels left.
You didn't know any spells.
Your spell library contained the following spells:

 Spells                   Type           Power      Damage    Failure   Level
 Freeze                   Ice            0%         1d3       34%         1
 Summon Small Mammal      Summ           0%         N/A       34%         1
 Frozen Ramparts          Ice            0%         1d2       71%         3
 Hailstorm                Conj/Ice       0%         3d3       98%         4
 Borgnjor's Revivificati  Necr           0%         N/A       100%        8
 Necromutation            Tmut/Necr      0%         N/A       100%        8
 Death's Door             Necr           0%         N/A       100%        9


Dungeon Overview and Level Annotations

Branches:
Dungeon (3/15)              Sewer (1/1)


Innate Abilities, Weirdness & Mutations

You have an increased reservoir of magic. (+10% MP)
You shall have no god before yourself.
Your divine heritage dramatically boosts your attributes as you level up.


Message History

* * * LOW HITPOINT WARNING * * *
Your unstable footing causes you to fumble your attack.
You feel sick. The adder barely misses you.
You completely miss the adder.
You feel sick.
You are no longer poisoned.
The adder bites you.
* * * LOW HITPOINT WARNING * * *
The adder bites you.
* * * LOW HITPOINT WARNING * * *
You are poisoned.
The adder poisons you!
You hit the adder.
The adder is moderately wounded.
You feel sick. The adder misses you.
You miss the adder.
The adder is moderately wounded.
You feel sick. The adder barely misses you.
Unknown command.
It was a potion of berserk rage.
A red film seems to cover your vision as you go berserk!
You feel yourself moving faster!
You feel mighty!
You feel sick. The adder bites you.
* * * LOW HITPOINT WARNING * * *
The adder bites you.
* * * LOW HITPOINT WARNING * * *
You are lethally poisoned!
The adder poisons you!
You barely miss the adder.
The adder is moderately wounded.
* * * LOW HITPOINT WARNING * * *
You feel sick. The adder bites you.
* * * LOW HITPOINT WARNING * * *
You miss the adder.
The adder is moderately wounded.
* * * LOW HITPOINT WARNING * * *
You feel sick. The adder barely misses you.
Your unstable footing causes you to fumble your attack.
* * * LOW HITPOINT WARNING * * *
You feel sick. The adder bites you.
You die...

## ## #. .# #≈ ≈# #≈ ≈#
#≈#≈# ≈≈≈ #≈ #S# #≈ #S#
#≈###@# #≈≈≈≈≈# ##≈≈≈##
#.≈.# #.≈.# #.≈.## ###
#.≈..## ≈ ≈≈#####
#.≈≈..#####..
#≈≈≈≈≈########≈.≈≈≈...≈.≈


You could see an adder and a ball python.

Vanquished Creatures
  4 adders
  A river rat (D:3)
  3 worms
  2 dart slugs
  An orc (D:3)
  5 ball pythons
  3 bats (D:1)
  6 endoplasms
  3 giant cockroaches
  3 hobgoblins
  2 jackals (D:1)
  4 kobolds
  A quokka (D:1)
  5 frilled lizards
  2 goblins (D:2)
  7 rats
52 creatures vanquished.

Vanquished Creatures (others)
  A fungus (D:2)
  2 plants (D:2)
3 creatures vanquished.

Grand Total: 55 creatures vanquished

Notes
Turn   | Place    | Note
-------+----------+-------------------------------------------
     0 | D:1      | pkoi the Demigod Gladiator began the quest for the Orb.
     0 | D:1      | Reached XP level 1. HP: 17/17 MP: 3/3
   230 | D:1      | Reached skill level 3 in Staves
   349 | D:1      | Reached XP level 2. HP: 16/24 MP: 4/4
  1019 | D:2      | Got Plato's Collected Works on the Entourage
  1391 | D:2      | Reached XP level 3. HP: 30/30 MP: 5/5
  2071 | D:3      | Reached skill level 4 in Staves
  2076 | D:3      | Found a glowing drain.
  2101 | Sewer    | Entered a sewer
  2241 | Sewer    | Reached XP level 4. HP: 22/37 MP: 6/6
  2932 | Sewer    | HP: 2/55 [poisoned by an adder]
  2932 | Sewer    | Slain by an adder

Illustrated notes

Levels and vault maps discovered:
D:1:      saegor_arrival_simple_a, layout_basic, st_stairs_12,
          serial_park_tiny_1, minmay_bisected
D:2:      layout_rooms, shapermc_ecumenical_altar_rom_forum
D:3:      layout_rooms, serial_shops, shop, portal_sewer_entry_c,
          chequers_jeans, minmay_close_crescents
Sewer:    sewer_co_tree

Skill      XL: |  1  2  3 |
---------------+----------+-----
Fighting       | 2 |  2.8
Staves         | 3 4 |  4.3
Throwing       | |  1.7
Dodging        | |  2.6

Action                   |  1- 3 |  4- 6 || total
-------------------------+-------+-------++-------
Melee: Quarterstaff      |   141 |    44 ||   185
  Use: Potion            |       |     1 ||     1
Armor: Leather armour    |    41 |    10 ||    51
Dodge: Dodged            |    96 |    32 ||   128
